 Dungeon Crawl Stone Soup version 0.31-a0-655-gf2d5465 (webtiles) character file.

Game seed: 15995579333210927714

769 Dorkslayer the Chopper (level 7, -10/44 HPs)
             Began as a Gargoyle Fighter on Aug 29, 2023.
             Was an Initiate of Gozag.
             Mangled by an ogre
             ... wielding a +0 giant club
              (19 damage)
             ... on level 5 of the Dungeon.
             The game lasted 00:08:49 (3842 turns).

Dorkslayer the Chopper (Gargoyle Fighter)           Turns: 3842, Time: 00:08:50

Health: -10/44     AC: 15    Str: 20    XL:     7   Next: 82%
Magic:  7/7        EV:  8    Int:  8    God:    Gozag
Gold:   299        SH:  4    Dex: 11    Spells: 6/6 levels left

rFire   + . .        B - +2 flail (holy)
rCold   . . .        c - +0 buckler
rNeg    + . .        t - +0 chain mail
rPois   ∞            o - +0 hat {Will+}
rElec   +            (no cloak)
rCorr   .            i - +0 pair of gloves
SInv    .            (no boots)
Will    +....        d - amulet of the acrobat Stlth
                     n - ring of flight
HPRegen 0.27/turn    r - ring of protection from fire
MPRegen 0.10/turn

%: acrobat
@: gold aura, flying
A: sickness immunity, AC +4, negative energy resistance 1, electricity
resistance, torment resistance 1, petrification resistance
a: Renounce Religion, Potion Petition, Call Merchant, Bribe Branch


You were on level 5 of the Dungeon.
You worshipped Gozag.
Gozag was aware of your devotion.
You visited 2 branches of the dungeon, and saw 6 of its levels.

You collected 339 gold pieces.
You paid 40 gold pieces to Gozag.

Inventory:

Hand Weapons
 a - a +0 war axe
 B - a +2 flail of holy wrath (weapon)
Missiles
 l - 4 javelins (quivered)
 s - 3 throwing nets
 y - 5 darts of dispersal
Armour
 c - a +0 buckler (worn)
 i - a +0 pair of gloves (worn)
 o - a +0 hat of willpower (worn)
 t - a +0 chain mail (worn)
Jewellery
 d - an amulet of the acrobat (around neck)
 g - an amulet of faith
 n - a ring of flight (left hand)
 r - a ring of protection from fire (right hand)
Scrolls
 h - a scroll of enchant weapon {unknown}
 m - 2 scrolls of identify
 q - 2 scrolls of fog
 x - a scroll of teleportation {unknown}
 z - a scroll of brand weapon {unknown}
 A - a scroll of blinking {unknown}
 C - a scroll of immolation {unknown}
Potions
 b - a potion of lignification {unknown}
 e - a potion of degeneration {unknown}
 j - a potion of haste
 k - a potion of curing
 p - a potion of brilliance {unknown}
 u - a potion of berserk rage {unknown}
 v - a potion of mutation {unknown}
 w - 2 potions of attraction {unknown}


   Skills:
 + Level 4.7 Fighting
 - Level 4.7(4.8) Axes
 * Level 1.6(3.7) Maces & Flails
 * Level 2.4 Throwing
 + Level 4.2 Armour
 * Level 2.6 Dodging
 + Level 0.9 Stealth
 + Level 4.0 Shields


You had 6 spell levels left.
You didn't know any spells.
Your spell library contained the following spells:

 Spells                   Type           Power      Damage    Failure   Level
 Freeze                   Ice            0%         1d3       99%         1
 Kiss of Death            Conj/Necr      0%         2d5       99%         1
 Magic Dart               Conj           0%         1d3       99%         1
 Call Imp                 Summ           0%         N/A       99%         2
 Static Discharge         Conj/Air       0%         2-2/arc   99%         2
 Confusing Touch          Hex            0%         N/A       100%        3
 Frozen Ramparts          Ice            0%         1d1       100%        3
 Hailstorm                Conj/Ice       0%         3d3       100%        3
 Mephitic Cloud           Conj/Pois/Air  0%         N/A       100%        3
 Airstrike                Air            0%         2d(0-16)  100%        4
 Dispel Undead            Necr           0%         3d6       100%        4
 Summon Lightning Spire   Summ/Air       0%         N/A       100%        4


Dungeon Overview and Level Annotations

Branches:
Dungeon (5/15)             Temple (1/1) D:4

Altars:
Ashenzari
Cheibriados
Dithmenos
Elyvilon
Fedhas
Gozag
Hepliaklqana
Kikubaaqudgha
Makhleb
Nemelex Xobeh
Qazlal
Ru
Sif Muna
Trog
Uskayaw
Vehumet
Yredelemnul
Zin
The Shining One

Annotations:
Temple 2 transporters


Innate Abilities, Weirdness & Mutations

You are immune to sickness and miasma.
Your stone body is resilient. (AC +4)
You are immune to poison.
You resist negative energy. (rN+)
You are resistant to electric shocks. (rElec)
You are resistant to unholy torment.
You are immune to petrification.


Message History

The orc completely misses you.
The iguana is distracted by your dazzling golden aura.
Things that are here:
6 gold pieces; a +0 short sword; a +0 rapier 2 orcs come into view.
The orc shouts!
The dart slug is no longer distracted by gold.
The shadow imp closely misses you.
The orc moves out of view.
You closely miss the shadow imp.
The iguana is no longer distracted by gold.
You block the orc's attack.
The shadow imp hits you but does no damage.
The orc hits you but does no damage.
You barely miss the shadow imp.
The shadow imp hits you but does no damage.
You block the orc's attack.
The shadow imp hits you but does no damage.
You hit the shadow imp.
The shadow imp convulses.
The shadow imp is heavily wounded.
The orc is distracted by your dazzling golden aura.
The orc shouts!
You sock the troll!
The troll is moderately wounded.
The dart slug is distracted by your dazzling golden aura.
The ogre hits you with a +0 giant club! The troll barely misses you.
You block the troll's attack. The troll claws you!
Unknown command.
As you read the scroll labelled WATIARI WIURAFUC, it crumbles to dust.
It is a scroll of identify.
q - 2 scrolls of fog The troll barely misses you.
The troll claws you but does no damage. The troll claws you!
* * * LOW HITPOINT WARNING * * *
As you read the scroll labelled GIAKYIRYR, it crumbles to dust.
You hear a loud clanging noise!
It was a scroll of noise.
You hear an angry hiss.
The ogre hits you with a +0 giant club!!
You die...
Your body crumbles into a pile of gold.

###########
#######.........##
####....##.####.###.###
.........#......# #...#
.##.##......###.###.#.##
#...##5l##.####...##.##
#.###.#T##....###.###.##
#..).w#@##..#...........
#.###.#O##..#####.###.##
..##o##..# #.# #.##
#.##oo##..## ##.###.##
...o..###...###...##.#
.###### ##...........#
##.###...#### #.# ##.##
#.# #.#


You could see a troll, an ogre, an iguana, a shadow imp, a dart slug and 4 orcs.

Vanquished Creatures
  Grinder (D:5)
  Sigmund (D:3)
  A scorpion (D:4)
  An orc priest (D:4)
  An orc wizard (D:4)
  12 gnolls (D:4)
  9 adders
  A white imp (D:5)
  An ufetubus (D:5)
  2 worms (D:2)
  2 dart slugs (D:4)
  9 orcs
  9 endoplasms
  6 giant cockroaches
  6 goblins
  8 hobgoblins
  3 jackals (D:4)
  7 kobolds
  2 quokkas
  7 ball pythons
  4 bats
  4 frilled lizards
  3 rats
100 creatures vanquished.

Notes
Turn   | Place    | Note
-------+----------+-------------------------------------------
     0 | D:1      | Dorkslayer the Gargoyle Fighter began the quest for the
                  | Orb.
     0 | D:1      | Reached XP level 1. HP: 14/14 MP: 1/1
   230 | D:1      | Reached XP level 2. HP: 19/19 MP: 2/2
   915 | D:2      | Found a faded altar of an unknown god.
  1024 | D:2      | Reached XP level 3. HP: 13/23 MP: 3/3
  1315 | D:2      | Reached skill level 1 in Dodging
  1315 | D:2      | Reached XP level 4. HP: 26/29 MP: 4/4
  1530 | D:2      | You are sucked into a shaft and drop 2 floors!
  1935 | D:3      | Noticed Sigmund
  1943 | D:3      | Killed Sigmund
  1944 | D:3      | Reached skill level 1 in Throwing
  1944 | D:3      | Reached XP level 5. HP: 33/33 MP: 5/5
  1944 | D:3      | Reached XP level 6. HP: 38/38 MP: 6/6
  2526 | D:4      | Identified the +6 whip "Juotzoz" {elec, rElec rPois rF+}
  2708 | D:4      | Found a staircase to the Ecumenical Temple.
  2734 | Temple   | Found a transporter.
  2734 | Temple   | Found a transporter.
  2734 | Temple   | Found a transporter.
  2734 | Temple   | Found a transporter.
  2734 | Temple   | Entered the Ecumenical Temple
  2747 | Temple   | Became a worshipper of Gozag Ym Sagoz the Greedy
  2966 | D:4      | Reached XP level 7. HP: 29/44 MP: 7/7
  3578 | D:5      | Entered Level 5 of the Dungeon
  3593 | D:5      | Noticed Grinder
  3628 | D:5      | Killed Grinder
  3629 | D:5      | Reached skill level 1 in Maces & Flails
  3827 | D:5      | Noticed a troll
  3842 | D:5      | Mangled by an ogre

Illustrated notes

Levels and vault maps discovered:
D:1:      dpeg_arrival_shrine, layout_loops_corners, dreamdust_mushroom_princess
D:2:      minmay_diamond_boxcup, layout_basic, ebering_ecumenical_altar_rust
D:3:      layout_basic, kennysheep_flooded_box, uniq_sigmund
D:4:      layout_loops_corners, minmay_temple_entry_stoned_glass, serial_bayou,
          serial_bayou_ford_a, serial_bayou_shore_b, serial_bayou_pond_d,
          serial_bayou_pond_a, serial_bayou_crossing,
          minmay_misc_feat_four_crosses, nicolae_half_adder
D:5:      layout_loops_ring, minmay_checkerbox, uniq_ijyb, uniq_grinder
Temple:   hellmonk_temple_divided_pantheon

Skill      XL: |  1  2  3  4  5  6  7 |
---------------+----------------------+-----
Axes           | 2 3 4 |  4.7
Dodging        | 1 2 |  2.6
Fighting       | 4 |  4.7
Throwing       | 1 2 |  2.4
Maces & Flails | 1 |  1.6
Armour         | 4 |  4.2
Shields        | 4 |  4.0
Stealth        | |  0.9

Action                     |  1- 3 |  4- 6 |  7- 9 || total
---------------------------+-------+-------+-------++-------
  Melee: War axe           |   114 |   107 |    52 ||   273
         Flail             |       |       |    38 ||    38
  Throw: Javelin           |       |     1 |       ||     1
    Use: Potion            |       |     3 |       ||     3
         Scroll            |       |       |     2 ||     2
 Armour: Scale mail        |    68 |    34 |       ||   102
         Chain mail        |       |    39 |    50 ||    89
  Dodge: Dodged            |    51 |    64 |    61 ||   176
  Block: Buckler           |    16 |    32 |    25 ||    73

Table legend: (Time is in decaauts)
 A = Elapsed time spent in this place.
 B = Non-inter-level travel time spent in this place.
 C = Inter-level travel time spent in this place.
 D = Time resting spent in this place.
 E = Time spent auto-exploring this place.
 F = Levels seen in this place.
 G = Mean time per level.
                   A        B        C        D        E       F      G
               +--------+--------+--------+--------+--------+-----+--------+
         Total |   3939 |   3939 |      0 |      0 |   2213 |   6 |  656.5 |
       Dungeon |   3908 |   3908 |      0 |      0 |   2213 |   5 |  781.6 |
        Temple |     30 |     30 |      0 |      0 |      0 |   1 |   30.0 |
               +--------+--------+--------+--------+--------+-----+--------+

Top non-repeatable levels by time:
     D:4: 1138 daAuts
     D:3: 914 daAuts
     D:1: 888 daAuts
     D:2: 695 daAuts
     D:5: 271 daAuts
  Temple: 30 daAuts
